Map: Кислотный завод РВ

Players

HOPERHAF - Winner!

  • Race: Zerg Zerg
  • League: Diamond
  • Spawn Location: 5:00

saccharose

  • Race: Zerg Zerg
  • League: Diamond
  • Spawn Location: 11:00

VOD

Have the link to the VOD?

Description

Time

  • Played on: July 24, 2018, 11:07 a.m.
  • Length: 9:27
Show
View Real Time Build Order
Export as new Build Order

HOPERHAF Zerg - Winner!

Build Orders: Hatch First 

Get SALT Encoding   

  12  0:01  Drone  
  13  0:12  Overlord  
  13  0:19  Drone  
  14  0:30  Drone x2  
  14  0:34  Drone  
  17  0:52  Hatchery  
  17  0:55  Drone  
  17  0:58  Drone  
  18  1:10  Extractor  
  17  1:13  Spawning Pool  
  17  1:17  Drone  
  17  1:20  Drone  
  18  1:28  Drone  
  19  1:39  Overlord  
  19  2:03  Queen  
  19  2:04  Queen  
  23  2:11  Zergling x4  
  23  2:15  Drone x3  
  28  2:18  Metabolic Boost  
  28  2:24  Drone  
  29  2:38  Drone x2  
  31  2:48  Drone x3, Hatchery  
  33  2:55  Drone  
  34  3:02  Baneling Nest  
  32  3:06  Zergling x4  
  32  3:08  Overlord  
  33  3:24  Zergling x6  
  36  3:28  Zergling x8  
  36  3:32  Lair  
  40  3:36  Zergling x2  
  41  3:58  Zergling x6  
  44  4:03  Baneling x2  
  44  4:07  Zergling x4  
  44  4:08  Zergling x8  
  45  4:37  Extractor  
  45  4:38  Overlord x3, Extractor  
  44  4:39  Extractor  
  44  4:45  Baneling x2  
  42  4:52  Drone  
  43  4:58  Drone x5  
  43  4:59  Drone  
  44  5:18  Drone x3  
  45  5:23  Drone  
  45  5:24  Roach Warren  
  45  5:26  Drone  
  45  5:27  Drone x5  
  50  5:35  Baneling  
  50  5:38  Drone x2  
  50  5:41  Hatchery  
  51  5:45  Evolution Chamber  
  44  5:50  Spine Crawler  
  44  5:57  Zergling x4  
  45  6:00  Zergling x4  
  47  6:06  Queen  
  47  6:07  Queen  
  47  6:09  Drone x2  
  54  6:21  Evolution Chamber  
  54  6:22  Baneling x2  
  53  6:26  Drone  
  53  6:29  Drone  
  53  6:32  Spire  
  54  6:44  Hatchery  
  53  6:47  Zerg Missile Weapons Level 1, Zerg Ground Armor Level 1, Glial Reconstitution  
  53  6:48  Roach x3  
  53  6:49  Roach x4  
  66  7:10  Roach  
  66  7:19  Overlord x3  
  66  7:42  Spine Crawler  
  65  7:44  Roach  
  65  7:45  Roach x6  
  65  7:51  Baneling x2  
  79  7:55  Roach x2  
  79  7:56  Roach x5  
  93  7:59  Overlord x2  
  93  8:00  Overseer  
  93  8:06  Ravager x4  
  97  8:19  Roach x4  
  111  8:20  Roach x3  
  111  8:26  Roach  
  113  8:29  Overlord x4  
  111  8:41  Roach  
  111  8:47  Roach  
  115  8:51  Drone x2  
  115  8:52  Drone x8  
  125  9:05  Roach x2  
Show
View Real Time Build Order
Export as new Build Order

saccharose Zerg 

Build Orders: Hatch First 

Get SALT Encoding   

  12  0:00  Drone  
  13  0:12  Overlord  
  13  0:17  Drone  
  14  0:31  Drone x2  
  14  0:35  Drone  
  17  0:52  Hatchery  
  17  0:55  Drone  
  17  0:59  Drone  
  18  1:09  Extractor  
  17  1:13  Spawning Pool  
  17  1:17  Drone  
  17  1:19  Drone  
  18  1:28  Drone  
  19  1:40  Overlord  
  19  2:01  Queen  
  21  2:02  Zergling x4  
  21  2:03  Queen  
  21  2:05  Zergling x2  
  26  2:09  Metabolic Boost  
  26  2:20  Drone x2  
  28  2:26  Drone  
  28  2:27  Drone  
  30  2:43  Hatchery  
  29  2:48  Queen  
  31  2:56  Overlord  
  31  3:07  Drone x4  
  31  3:10  Overlord  
  35  3:18  Baneling Nest  
  34  3:21  Zergling x4  
  36  3:28  Zergling x2  
  36  3:29  Zergling x4  
  36  3:31  Zergling x2  
  36  3:33  Zergling x2  
  41  3:35  Zergling x2  
  42  3:42  Drone  
  43  4:05  Drone x5  
  43  4:06  Drone x3  
  43  4:09  Roach Warren  
  50  4:11  Baneling x2  
  50  4:13  Baneling  
  45  4:36  Evolution Chamber  
  45  4:38  Evolution Chamber  
  43  4:50  Evolution Chamber  
  39  5:09  Extractor  
  39  5:10  Extractor  
  31  5:22  Zergling x12  
  31  5:23  Zergling x8, Roach x2  
  35  5:54  Queen, Drone x5  
  35  5:55  Queen, Drone  
  43  6:19  Roach x4  
  43  6:21  Overlord  
  43  6:24  Hatchery  
  50  6:26  Roach  
  50  6:27  Overlord  
  50  6:28  Overlord  
  50  6:31  Lair  
  51  6:41  Hatchery  
  51  6:43  Roach  
  51  6:44  Roach x4  
  59  7:08  Spore Crawler  
  58  7:10  Spore Crawler  
  54  7:25  Zerg Missile Weapons Level 1  
  54  7:28  Drone x4  
  54  7:29  Drone x3  
  61  7:37  Drone  
  61  7:38  Drone x6  
  68  7:46  Drone  
  69  7:58  Hydralisk Den  
  68  8:01  Roach  
  68  8:02  Roach  
  72  8:06  Drone  
  73  8:25  Roach x3  
  79  8:27  Overlord x4  
  65  8:52  Roach x12  
  88  9:01  Extractor  
Tags
 
Add a new tag
Caveats
  • Supply blocks, unpowered buildings, or Contaminate may cause inaccurate times.
  • Supply counts are checked every 10 seconds.